 Dungeon Crawl Stone Soup version 0.31-a0-1074-g0b22e4e0f1 (webtiles) character file.

Game seed: 1033623207378253821

40 ytrimaz the Insei (level 3, -1/8 HPs)
             Began as a Demonspawn Shapeshifter on Dec 8, 2023.
             Slain by a worm (9 damage)
             ... on level 2 of the Dungeon.
             The game lasted 00:01:02 (742 turns).

ytrimaz the Insei (Demonspawn Shapeshifter)          Turns: 742, Time: 00:01:02

Health: -1/8       AC:  3    Str: 14    XL:     3   Next: 30%
Magic:  3/3        EV: 12    Int: 11    God:
Gold:   76         SH:  0    Dex: 14    Spells: 2/2 levels left

rFire   . .          .
                       - Unarmed
rCold   + . .        (no shield)
rNeg    . . .        a - melded +0 animal skin
rPois   .            (no helmet)
rElec   .            (no cloak)
rCorr   .            (no gloves)
SInv    .            (no boots)
Will    .....        (no amulet)
Stlth   +            i - ring of protection from cold
HPRegen 0.21/turn    (no ring)
MPRegen 0.08/turn

%: no passive effects
@: maw-form
A: devouring maw, reduced hp, icy blue scales 2
a: Begin Untransformation


You were on level 2 of the Dungeon.
You were a creature with a mouth for a stomach.
You visited 1 branch of the dungeon, and saw 2 of its levels.

You collected 76 gold pieces.


Innate Abilities, Weirdness & Mutations

You are a creature with a mouth for a stomach.
Your midsection houses a second, enormous mouth.
Your maximum health is decreased, since you lack skill for your form.
You are mostly covered in icy blue scales. (AC +3)


   Skills:
 - Level 1.0 Fighting
 - Level 1.7 Dodging
 + Level 3.4 Unarmed Combat
 + Level 3.3 Shapeshifting


You had 2 spell levels left.
You didn't know any spells.
Your spell library was empty.

Inventory:

Armour
 a - a +0 animal skin (melded)
Jewellery
 i - a ring of protection from cold (left hand)
   (You found it on level 1 of the Dungeon)
Talismans
 c - a beast talisman
 d - a flux talisman
 l - a maw talisman (active)
   (You found it on level 2 of the Dungeon)
Scrolls
 f - a scroll of blinking {unknown}
 h - a scroll of revelation {unknown}
 j - a scroll of identify {unknown}
 k - a scroll of amnesia {unknown}
Potions
 b - a potion of lignification
 e - a potion of degeneration {unknown}
 g - a potion of brilliance {unknown}

Dungeon Overview and Level Annotations

Branches:
Dungeon (2/15) Zot: 11259

Altars:

#### ####
##########~≈####..##
#...>..8#.≈~.##.##.#
#.####..#.~≈.#.##.##
#.# #.##.~~..###.#
#.#..#)##.~~.##.#.##
#.#.##.##.≈≈.##w##.#
#.#.##.8#†~~.#W# #.#
#.#.##..#.≈≈.#.###.#
#.#.##.##.~≈.##.#.##
#.#.##.##.~~.###.##
#.#.##.##.~≈.# ##.#
#.#<##.8#.~~.# #.#
#.#.##..#.≈≈.# ##
#....#.##.~~.#
######.##.~~.#


You could see a worm.


Message History

The bat hits you but does no damage.
You hit the bat.
You kill the bat!
You hit the gnoll.
The gnoll hits you but does no damage. 😎 HP[+1]
Your hp is fully restored (21).
You hit the gnoll but do no damage. The gnoll hits you but does no damage.
Unknown command.
You hit the gnoll. The gnoll misses you.
You punch the gnoll!
You kill the gnoll!
You have reached level 3!
Your experience leads to an increase in your attributes!
Increase (S)trength, (I)ntelligence, or (D)exterity?
You feel agile. x2; Your demonic ancestry asserts itself...
Icy blue scales spread over more of your body. 😎 HP[+5] MP[+1]
You now have 26 max hp (+5).
Your hp is fully restored (26).
Your mp is fully restored (3).
A quokka is nearby!
A quokka is nearby!
A quokka is nearby!
A quokka is nearby!
You hit the quokka.
You kill the quokka!
Things that are here:
a +0 club; a bat corpse No target in view!
Unknown command.
No target in view!
You now have 76 gold pieces (gained 11).
Things that are here:
a +0 club; a bat corpse
j - a scroll labelled XUSIRU EWKARIEPT
Things that are here:
a +0 club; a bat corpse
k - a scroll labelled BIGOSO ROIPLEY You open the door.
A hobgoblin comes into view.
The hobgoblin shouts!
There is an open door here.
A hobgoblin is nearby!
A hobgoblin is nearby!
The hobgoblin hits you but does no damage.
A hobgoblin is nearby!
You hit the hobgoblin.
You kill the hobgoblin!
No target in view!
You see here a hobgoblin corpse.
No target in view!
There is an open door here.
You see here a maw talisman.
l - a maw talisman
There is an open door here.
You open the door.
There is an open door here.
A jackal comes into view.
A jackal is nearby!
A jackal is nearby!
A jackal is nearby!
The jackal bites you but does no damage.
You barely miss the jackal.
The jackal bites you but does no damage.
You closely miss the jackal.
The jackal bites you but does no damage.
You hit the jackal.
The jackal bites you but does no damage.
The jackal misses you.
You barely miss the jackal.
The jackal bites you but does no damage.
Unknown command.
You barely miss the jackal. The jackal barely misses you.
You barely miss the jackal.
The jackal bites you but does no damage.
You punch the jackal!
You kill the jackal!
Unknown command.
A hobgoblin comes into view.
A hobgoblin is nearby!
You begin transforming.
You continue transforming. x3
Your transformation has ended.
You turn into a creature with a mouth for a stomach.
Your +0 animal skin melds into your body. 😎 HP[-18]
You now have 8 max hp (-18).
Unknown command.
You hit the hobgoblin.
You kill the hobgoblin!
You see here a hobgoblin corpse.
Unknown command.
You enter the shallow water.
Moving in this stuff is going to be slow.
A worm comes into view.
A worm is nearby!
A worm is nearby!
You hit the worm but do no damage. You bite the worm.
A worm is nearby!
You punch the worm! The worm bites you!
Ouch! That really hurt!
You die...

Skill      XL: |  1  2 |
---------------+-------+-----
Unarmed Combat | 3 |  3.4
Shapeshifting  | 3 |  3.3
Fighting       | |  1.0
Dodging        | |  1.7

Action                     || total
---------------------------++-------
  Melee: Unarmed           ||    71
         Maw               ||     1
 Armour: Animal skin       ||    36
         Skin              ||     1
  Dodge: Dodged            ||    39
   Form: Maw               ||     1

Levels and vault maps discovered:
D:1:      saegor_arrival_simple_e, layout_rooms,
          dreamdust_ecumenical_altar_hidden_monk_grotto
D:2:      wad_river_or_something, layout_loops_ring, serial_shops, shop,
          minivault_26, nicolae_twisty_statue_hallways

Notes
Turn   | Place    | Note
-------+----------+-------------------------------------------
     0 | D:1      | ytrimaz the Demonspawn Shapeshifter began the quest for the
                  | Orb.
     0 | D:1      | Reached XP level 1. HP: 15/15 MP: 1/1
     0 | D:1      | magus.rc [v1.9.6]
    99 | D:1      | Reached skill level 3 in Unarmed Combat
   175 | D:1      | Gained mutation: You are partially covered in icy blue
                  | scales. (AC +2) [demonic ancestry]
   175 | D:1      | Reached XP level 2. HP: 21/21 MP: 2/2
   232 | D:1      | Reached skill level 3 in Shapeshifting
   584 | D:1      | Found a faded altar of an unknown god.
   640 | D:2      | Gained mutation: You are mostly covered in icy blue scales.
                  | (AC +3) [demonic ancestry]
   640 | D:2      | Reached XP level 3. HP: 26/26 MP: 3/3
   742 | D:2      | Slain by a worm

Vanquished Creatures
  A gnoll (D:2)
  A dart slug (D:1)
  A ball python (D:1)
  4 endoplasms (D:1)
  5 goblins (D:1)
  3 hobgoblins
  A jackal (D:2)
  A kobold (D:1)
  A quokka (D:2)
  4 bats
  2 rats (D:1)
24 creatures vanquished.

Table legend:
 A = Non-vault XP
 B = Vault XP
 C = Vault XP percentage of total XP
 D = Non-vault monster count
 E = Vault monster count
 F = Vault count percentage of total count
                 A         B        C        D         E       F
            +---------+---------+-------+---------+---------+-------
      Total |      37 |      21 |  36.2 |      19 |       5 |  20.8
            +---------+---------+-------+---------+---------+-------
        D:1 |      33 |       0 |   0.0 |      17 |       0 |   0.0
        D:2 |       4 |      21 |  84.0 |       2 |       5 |  71.4
            +---------+---------+-------+---------+---------+-------

Skill      XL: |  1  2 |
---------------+-------+-----
Unarmed Combat | 3 |  3.4
Shapeshifting  | 3 |  3.3
Fighting       | |  1.0
Dodging        | |  1.7

Action                     || total
---------------------------++-------
  Melee: Unarmed           ||    71
         Maw               ||     1
 Armour: Animal skin       ||    36
         Skin              ||     1
  Dodge: Dodged            ||    39
   Form: Maw               ||     1

Illustrated notes

Table legend:
 A = Kills in this place as a percentage of kills in the entire game.
 B = Kills by you in this place as a percentage of kills by you in the entire game.
 C = Kills by friends in this place as a percentage of kills by friends in the entire game.
 D = Other kills in this place as a percentage of other kills in the entire game.
 E = Experience gained in this place as a percentage of experience gained in the entire game.
 F = Experience gained in this place divided by the number of levels of this place that you have seen.
                   A       B       C       D       E      F
               +-------+-------+-------+-------+-------+----------------------
         Total | 100.0 | 100.0 |   N/A |   N/A | 100.0 |  29.0
       Dungeon | 100.0 | 100.0 |   N/A |   N/A | 100.0 |  29.0
               +-------+-------+-------+-------+-------+----------------------

Table legend: (Time is in decaauts)
 A = Elapsed time spent in this place.
 B = Non-inter-level travel time spent in this place.
 C = Inter-level travel time spent in this place.
 D = Time resting spent in this place.
 E = Time spent auto-exploring this place.
 F = Levels seen in this place.
 G = Mean time per level.
                   A        B        C        D        E       F      G
               +--------+--------+--------+--------+--------+-----+--------+
         Total |    739 |    715 |     24 |      0 |    500 |   2 |  369.5 |
       Dungeon |    739 |    715 |     24 |      0 |    500 |   2 |  369.5 |
               +--------+--------+--------+--------+--------+-----+--------+

Top non-repeatable levels by time:
     D:1: 607 daAuts
     D:2: 132 daAuts
